 Dungeon Crawl Stone Soup version 0.25-a0-667-gb977e01cb5 (webtiles) character file.

Game seed: 14091607090821872544, levelgen mode: deterministic

46 nono the Chucker (level 3, 0/19 HPs)
             Began as a Vine Stalker Hunter on Mar 27, 2020.
             Slain by Robin
             ... wielding a +5 dagger of speed
              (2 damage)
             ... on level 2 of the Dungeon.
             The game lasted 00:03:09 (1875 turns).

nono the Chucker (Vine Stalker Hunter)              Turns: 1875, Time: 00:03:09

Health: 0/19       AC:  3    Str: 15    XL:     3   Next: 68%
Magic:  0/4        EV: 12    Int: 11    God:
Gold:   135        SH:  0    Dex: 14    Spells: 2/2 levels left

rFire    . . .     SeeInvis .   a - +0 short sword
rCold    . . .     Gourm    .   (no shield)
rNeg     . . .     Faith    .   b - +0 leather armour
rPois    .         Spirit   +   (no helmet)
rElec    .         Reflect  .   (no cloak)
rCorr    .         Harm     .   (no gloves)
MR       .....                  (no boots)
Stlth    ++........             (no amulet)
HPRegen  0.06/turn              (no ring)
MPRegen  0.09/turn              (no ring)

@: no status effects
A: fangs 2, magic shield, antimagic bite, no potion heal 3, rot immunity
a: no special abilities


You were on level 2 of the Dungeon.
You were not hungry.

You visited 1 branch of the dungeon, and saw 2 of its levels.

You collected 135 gold pieces.

Inventory:

Hand Weapons
 a - a +0 short sword (weapon)
Missiles
 c - 4 javelins (quivered)
Armour
 b - a +0 leather armour (worn)
Jewellery
 j - an uncursed ring of flight {unknown}
Scrolls
 g - a scroll of fog {unknown}
 h - a scroll of random uselessness {unknown}
 i - 2 scrolls of enchant armour {unknown}
 k - a scroll of remove curse {unknown}
 m - a scroll of amnesia {unknown}
 n - a scroll of teleportation {unknown}
 o - a scroll of identify {unknown}
Potions
 e - a potion of degeneration {unknown}
 l - a potion of brilliance {unknown}
Comestibles
 f - 2 rations
 p - a chunk of flesh


   Skills:
 + Level 2.8 Fighting
 + Level 1.9 Short Blades
 - Level 3.6 Throwing
 - Level 1.5 Dodging
 - Level 1.2 Stealth


You had 2 spell levels left.
You didn't know any spells.
Your spell library was empty.

Dungeon Overview and Level Annotations

Branches:
Dungeon (2/15)

Altars:

Annotations:
D:2 Robin


Innate Abilities, Weirdness & Mutations

You have extremely sharp teeth.
When hurt, damage is shared between your health and your magic reserves.
Your bite disrupts and absorbs the magic of your enemies.
Potions cannot restore your health.
You are immune to rotting.


Message History

You hit Robin. You bite Robin. You drain their power.
You feel invigorated.
Robin is heavily wounded.
Robin struggles against the net.
The net rips apart, and Robin comes free!
Fire/throw which item? (* to show all) (? for menu, Esc to quit)
Throwing (i - inventory. (/) - cycle)
c - 5 javelins (quivered)
Press: ? - help, Shift-Dir - straight line, f/p - Robin
Aim: Robin, wielding a +5 dagger of speed, wearing a +0 animal skin and wearing a +0 helmet (heavily wounded)
You throw a throwing net.
The throwing net completely misses Robin.
Fire/throw which item? (* to show all) (? for menu, Esc to quit)
Okay, then.
Throwing (i - inventory)
c - 5 javelins (quivered)
Press: ? - help, Shift-Dir - straight line, f/p - Robin
Aim: Robin, wielding a +5 dagger of speed, wearing a +0 animal skin and wearing a +0 helmet (heavily wounded)
You throw a javelin. The javelin pierces through Robin.
Robin is severely wounded.
Robin drinks a potion.
Robin is healed!
Robin hits you with a +5 dagger of speed.
You die...

#.♣♣._♣♣♣
#(♣.♣.♣.♣ ##
#.♣♣♣..♣♣♣ ♣♣.#
####.♣..)♣♣.♣♣♣.##
.....♣♣..♣♣..♣...#
.##..♣♣♣...♣..♣..#
.###..♣♣♣♣♣♣.♣♣..#
.# #♣♣.♣..♣....).#
.# #.)♣.♣.....)#@#
.# ##.)....#####g#
.# #####.## ... .#
#.......>.. .#
####........
.####### .........
.......#
#.........#
######.#
#....(....# #.#


g You could see Robin.

Vanquished Creatures
  3 dart slugs (D:1)
  A leopard gecko (D:1)
  A ball python (D:1)
  3 bats
  3 giant cockroaches (D:1)
  15 goblins
  2 hobgoblins (D:1)
  2 kobolds (D:1)
  3 rats (D:1)
33 creatures vanquished.

Notes
Turn   | Place    | Note
-------+----------+-------------------------------------------
     0 | D:1      | nono the Vine Stalker Hunter began the quest for the Orb.
     0 | D:1      | Reached XP level 1. HP: 11/11 MP: 2/2
   170 | D:1      | Reached XP level 2. HP: 9/15 MP: 3/3
   316 | D:1      | Reached skill level 1 in Short Blades
   677 | D:1      | Reached XP level 3. HP: 19/19 MP: 4/4
  1829 | D:2      | Found a faded altar of an unknown god.
  1856 | D:2      | Noticed Robin
  1875 | D:2      | Slain by Robin

Levels and vault maps discovered:
D:1:      wheals_arrival_linesprint, layout_basic, chequers_jeans,
          serial_park_tiny_pond
D:2:      layout_loops_ring, marbit_many_paths, first_ration,
          chequers_ecumenical_altar_grove, guppyfry_early_lair_pool, uniq_robin

Skill      XL: |  1  2 |
---------------+-------+-----
Fighting       | 2 |  2.8
Short Blades   | 1 |  1.9
Throwing       | |  3.6
Dodging        | |  1.5
Stealth        | |  1.2

Action                   || total
-------------------------++-------
Melee: Short sword       ||    87
       Bite              ||    33
Throw: Javelin           ||     8
       Throwing net      ||     2
  Eat: Chunk             ||     3
Armor: Leather armour    ||    15
Dodge: Dodged            ||    67

Table legend:
 A = Non-vault XP
 B = Vault XP
 C = Vault XP percentage of total XP
 D = Non-vault monster count
 E = Vault monster count
 F = Vault count percentage of total count
                 A         B        C        D         E       F
            +---------+---------+-------+---------+---------+-------
      Total |      45 |      22 |  32.8 |      22 |      11 |  33.3
            +---------+---------+-------+---------+---------+-------
        D:1 |      41 |       0 |   0.0 |      20 |       0 |   0.0
        D:2 |       4 |      22 |  84.6 |       2 |      11 |  84.6
            +---------+---------+-------+---------+---------+-------
